 Dungeon Crawl Stone Soup version 0.29.1-15-g9cfb28693d (webtiles) character file.

Game seed: 17439525026271613443

14267 nightchill the Fighter (level 12, -7/82 HPs)
             Began as a Gargoyle Fighter on Mar 19, 2023.
             Was an Initiate of Gozag.
             Mangled by a boulder beetle (43 damage)
             ... on level 1 of the Lair of Beasts on Mar 21, 2023.
             The game lasted 00:28:07 (15422 turns).

nightchill the Fighter (Gargoyle Fighter)          Turns: 15422, Time: 00:28:07

Health: -7/82      AC: 23    Str: 21    XL:     12   Next: 14%
Magic:  1/12       EV:  8    Int: 13    God:    Gozag
Gold:   1946       SH: 16    Dex:  9    Spells: 11/11 levels left

rFire   . . .      SeeInvis .   a - +2 whip (elec)
rCold   + + .      Faith    .   E - +0 kite shield
rNeg    + . .      Spirit   .   G - +1 scale mail {rC+}
rPois   ∞          Reflect  +   (no helmet)
rElec   +          Harm     .   g - +1 cloak
rCorr   .          Rampage  .   h - +0 pair of gloves {infuse}
Will    .....                   F - +2 pair of boots
Stlth   ..........              w - amulet of reflection
HPRegen 0.23/turn               u - ring of protection from cold
MPRegen 0.13/turn               i - ring of flight

@: gold aura, flying
A: sickness immunity, AC +8, negative energy resistance 1, electricity
resistance, torment resistance 1, petrification resistance
a: Renounce Religion, Potion Petition, Call Merchant, Bribe Branch


You were on level 1 of the Lair of Beasts.
You worshipped Gozag.
Gozag was most pleased with you.
You visited 3 branches of the dungeon, and saw 12 of its levels.

You collected 3304 gold pieces.
You paid 1358 gold pieces to Gozag.

Inventory:

Hand Weapons
 a - a +2 whip of electrocution (weapon)
 b - a +0 vampiric whip
Missiles
 t - a datura-tipped dart
 y - 7 throwing nets (quivered)
Armour
 g - a +1 cloak (worn)
 h - a +0 pair of gloves of infusion (worn)
 E - a +0 kite shield (worn)
 F - a +2 pair of boots (worn)
 G - a +1 scale mail of cold resistance (worn)
 Q - +0 acid dragon scales
Jewellery
 i - a ring of flight (right hand)
 u - a ring of protection from cold (left hand)
 w - an amulet of reflection (around neck)
 O - a ring of protection from cold
Wands
 z - a wand of roots (6)
 I - a wand of flame (43)
Scrolls
 c - a scroll of identify
 e - a scroll of noise
 f - 5 scrolls of enchant armour {unknown}
 k - 3 scrolls of vulnerability {unknown}
 m - 2 scrolls of poison {unknown}
 n - 4 scrolls of blinking {unknown}
 o - 6 scrolls of amnesia {unknown}
 v - 2 scrolls of fear
 A - 7 scrolls of teleportation
 B - 2 scrolls of magic mapping
 K - 2 scrolls of butterflies
 L - 2 scrolls of enchant weapon {unknown}
 N - a scroll of summoning {unknown}
Potions
 j - 10 potions of curing
 l - 5 potions of haste
 p - a potion of brilliance
 q - 2 potions of mutation {unknown}
 r - a potion of invisibility
 s - 2 potions of magic
 x - 2 potions of lignification
 C - a potion of might
 H - 2 potions of heal wounds
 J - a potion of berserk rage
Miscellaneous
 P - a box of beasts


   Skills:
 + Level 12.7 Fighting
 - Level 12.0 Maces & Flails
 - Level 3.2 Armour
 * Level 12.0 Shields


You had 11 spell levels left.
You didn't know any spells.
Your spell library contained the following spells:

 Spells                   Type           Power      Damage    Failure   Level
 Freeze                   Ice            0%         1d3       86%         1
 Sting                    Tmut/Pois      0%         1d3       86%         1
 Poisonous Vapours        Pois/Air       0%         N/A       95%         2
 Scorch                   Fire           0%         2d5       95%         2
 Wereblood                Tmut           0%         N/A       95%         2
 Frozen Ramparts          Ice            0%         1d1       99%         3
 Flame Wave               Conj/Fire      0%         2d4       100%        4
 Hailstorm                Conj/Ice       0%         3d3       100%        4
 Olgreb's Toxic Radiance  Pois           0%         N/A       100%        4
 Petrify                  Tmut/Erth      0%         N/A       100%        4
 Metabolic Englaciation   Hex/Ice        0%         N/A       100%        5
 Summon Cactus Giant      Summ           0%         N/A       100%        6
 Summon Hydra             Summ           0%         N/A       100%        7
 Sublimation of Blood     Necr           Unusable   N/A       N/A         2
 Statue Form              Tmut/Erth      Unusable   N/A       N/A         6

Dungeon Overview and Level Annotations

Branches:
Dungeon (10/15)            Temple (1/1) D:5            Lair (1/5) D:10
    Orc (0/2) D:10

Altars:
Ashenzari
Cheibriados
Elyvilon
Fedhas
Gozag
Hepliaklqana
Kikubaaqudgha
Ru
Trog
Vehumet
Wu Jian
The Shining One

Shops:
D:5 ?   D:8 (   D:9 =   D:10 [(   Lair:1 :

Annotations:
D:3 exclusion: downstairs
D:9 exclusion: door
Lair:1 1 runed translucent door, Sammaje's ghost, novice MiBe


Innate Abilities, Weirdness & Mutations

You are immune to sickness and miasma.
Your stone body is resilient. (AC +8)
You are immune to poison.
You resist negative energy. (rN+)
You are resistant to electric shocks. (rElec)
You are resistant to unholy torment.
You are immune to petrification.


Message History

You hit the boulder beetle.
The boulder beetle is heavily wounded.
The boulder beetle bites you.
* * * LOW HITPOINT WARNING * * *
Throw: 9 throwing nets
Press: ? - help, Q - select action, (/) - cycle Shift-Dir - straight line, f/p - boulder beetle
Aim: a boulder beetle (heavily wounded, 90% to hit)
You throw a throwing net.
The throwing net hits the boulder beetle.
The boulder beetle is caught in the net!
The boulder beetle is heavily wounded.
The boulder beetle struggles against the net.
You hit the boulder beetle.
The boulder beetle is heavily wounded.
You hit the boulder beetle.
Lightning courses through the boulder beetle!
The boulder beetle is severely wounded.
The boulder beetle struggles against the net.
You hit the boulder beetle.
The boulder beetle is severely wounded.
The boulder beetle leaps!
You see here a throwing net.
The boulder beetle curls into a ball and begins rolling!
The boulder beetle is distracted by your dazzling golden aura.
Throw: 8 throwing nets
Press: ? - help, Q - select action, (/) - cycle Shift-Dir - straight line, f/p - boulder beetle
Aim: a boulder beetle (severely wounded, rolling, unaware, hasn't noticed you, 90% to hit)
You throw a throwing net.
The throwing net hits the boulder beetle.
The boulder beetle is caught in the net!
The boulder beetle is no longer distracted by gold.
The boulder beetle is severely wounded.
The boulder beetle struggles against the net.
The boulder beetle struggles against the net. x2
The boulder beetle struggles against the net. x2
The net rips apart, and the boulder beetle comes free!
The boulder beetle hits you!!!
Ouch! That really hurt!
You die...
Your body crumbles into a pile of gold.

####.####...).......P# ###### #
....................#####.#..####
.................................
#................................
##.###..#.P#####.########...#.##.
##..########.###.###.#.##...####.
#P...............................
.....(.######.○..................
###...########.B@................
####### #~~~###................#.
.### #.~~~####..........######
..∩#### #.<~~# #.......(..#
P.....###.)~~# #..........###
~~~.......P~~####....(.........##
##~~~P....P~~##..................
###~~..P.~~##...................
##~~~~~~###...................


You could see a boulder beetle (rolling).

Vanquished Creatures
  A boulder beetle (D:7)
  A hydra (Lair:1)
  A centaur warrior (D:10)
  A two-headed ogre (D:10)
  Pikel (Temple)
  Maggie (D:10)
  A cane toad (Lair:1)
  A rime drake (Lair:1)
  9 komodo dragons
  Sigmund (D:2)
  A shadow (D:8)
  2 vampires
  A wraith (D:10)
  8 yaks
  2 wyverns
  Eustachio (D:5)
  A steam dragon (D:8)
  4 vampire mosquitoes (D:10)
  Menkaure (D:7)
  A water moccasin (D:8)
  A swamp drake (D:10)
  2 black bears
  5 orc warriors
  An ice beast (D:7)
  A sky beast (D:6)
  9 centaurs
  A wolf (D:5)
  A lemure (Temple)
  A phantom (D:6)
  7 kobold brigands
  4 bullfrogs
  5 gnoll sergeants
  5 scorpions
  9 wights
  3 jellies
  4 howler monkeys
  8 hounds
  Crazy Yiuf (D:2)
  11 orc priests
  2 gnoll boudas (D:5)
  Terence (D:2)
  An iguana (D:5)
  9 orc wizards
  27 gnolls
  9 adders
  2 shadow imps
  A white imp (D:7)
  A worm (D:2)
  2 dart slugs
  36 orcs
  6 endoplasms
  3 giant cockroaches
  9 goblins
  10 hobgoblins
  13 jackals
  32 kobolds
  8 quokkas
  7 ball pythons
  4 bats
  A frilled lizard (D:1)
  7 rats
310 creatures vanquished.

Vanquished Creatures (others)
  3 fungi
  6 plants (D:5)
9 creatures vanquished.

Grand Total: 319 creatures vanquished

Notes
Turn   | Place    | Note
-------+----------+-------------------------------------------
     0 | D:1      | nightchill the Gargoyle Fighter began the quest for the
                  | Orb.
     0 | D:1      | Reached XP level 1. HP: 14/14 MP: 1/1
   286 | D:1      | Reached XP level 2. HP: 19/19 MP: 2/2
   724 | D:1      | Reached XP level 3. HP: 20/24 MP: 3/3
  1210 | D:2      | Found a faded altar of an unknown god.
  1261 | D:2      | Noticed Terence
  1282 | D:2      | Killed Terence
  1283 | D:2      | Reached XP level 4. HP: 24/29 MP: 4/4
  1373 | D:2      | Noticed Sigmund
  1904 | D:2      | Killed Sigmund
  1905 | D:2      | Reached skill level 5 in Maces & Flails
  1905 | D:2      | Reached XP level 5. HP: 27/34 MP: 5/5
  2014 | D:2      | Reached XP level 6. HP: 40/40 MP: 6/6
  2150 | D:2      | Found a runed translucent door.
  2151 | D:2      | Noticed Crazy Yiuf
  2366 | D:2      | Killed Crazy Yiuf
  2367 | D:2      | Reached skill level 5 in Fighting
  3801 | D:4      | Reached XP level 7. HP: 39/44 MP: 2/7
  4536 | D:5      | Entered Level 5 of the Dungeon
  4537 | D:5      | Found a staircase to the Ecumenical Temple.
  4548 | Temple   | Entered the Ecumenical Temple
  4554 | Temple   | Became a worshipper of Gozag Ym Sagoz the Greedy
  4563 | D:5      | Noticed Pikel
  4649 | Temple   | Killed Pikel
  4650 | Temple   | Reached XP level 8. HP: 34/52 MP: 2/8
  5747 | D:5      | Noticed Eustachio
  5758 | D:5      | Killed Eustachio
  5759 | D:5      | Reached XP level 9. HP: 59/59 MP: 4/9
  6320 | D:4      | Reached skill level 10 in Maces & Flails
  6997 | D:5      | Found Qiam's Magic Scroll Shop.
  8924 | D:7      | Noticed Menkaure
  8931 | D:7      | Killed Menkaure
  8932 | D:7      | Reached XP level 10. HP: 66/66 MP: 5/10
  9741 | D:8      | Noticed a boulder beetle
  9840 | D:7      | Killed a boulder beetle
  9841 | D:7      | Reached skill level 10 in Fighting
 10174 | D:8      | Found a bloodstained altar of Trog.
 10178 | D:8      | Found an ornate altar of the Wu Jian Council.
 10180 | D:8      | Found a radiant altar of Vehumet.
 10180 | D:8      | Found a hazy altar of Hepliaklqana.
 10194 | D:8      | Reached skill level 5 in Shields
 10224 | D:8      | Identified a scroll of acquirement
 10225 | D:8      | Acquired 838 gold pieces
 11658 | D:9      | Reached XP level 11. HP: 45/73 MP: 11/11
 11792 | D:9      | Found Juinkeuta's Jewellery Boutique.
 12691 | D:10     | Entered Level 10 of the Dungeon
 12783 | D:10     | Found Muteo's Weapon Boutique.
 12783 | D:10     | Found a staircase to the Orcish Mines.
 12783 | D:10     | Found Runor's Armour Boutique.
 12784 | D:10     | Noticed a centaur warrior
 12956 | D:10     | Killed a centaur warrior
 13194 | D:10     | Reached skill level 10 in Shields
 13459 | D:10     | Found a staircase to the Lair.
 13477 | D:10     | Noticed Maggie
 13489 | D:10     | Killed Maggie
 13858 | D:10     | Noticed a two-headed ogre
 13874 | D:10     | Killed a two-headed ogre
 14453 | Lair:1   | Entered Level 1 of the Lair of Beasts
 14957 | Lair:1   | Found a runed translucent door.
 14957 | Lair:1   | Noticed Sammaje's ghost (novice MiBe)
 14973 | Lair:1   | Reached XP level 12. HP: 82/82 MP: 8/12
 15010 | Lair:1   | Found a bloodstained altar of Trog.
 15058 | Lair:1   | Noticed a boulder beetle
 15354 | Lair:1   | Noticed a four-headed hydra
 15369 | Lair:1   | Killed a four-headed hydra
 15422 | Lair:1   | Mangled by a boulder beetle

Illustrated notes

Levels and vault maps discovered:
D:1:      minmay_arrival_three_doors, layout_loops_ring
D:2:      layout_basic, ebering_ecumenical_altar_abandoned,
          uniq_crazy_yiuf_cottage, uniq_terence, uniq_sigmund
D:3:      layout_basic, minmay_misc_feat_five, minivault_27
D:4:      layout_rooms, chequers_mini_garden
D:5:      layout_cave_pools, minmay_temple_entry_statues_fountains,
          serial_gnoll_camp, gnoll_camp_mini_shop, gnoll_camp_mini_loothouse,
          gnoll_camp_huts_basic, gnoll_camp_mini_sergeant, gnoll_camp_medium_02,
          gnoll_camp_mini_hut, guppyfry_early_lair_pool, uniq_eustachio,
          uniq_pikel
D:6:      layout_basic
D:7:      layout_basic, nicolae_concentric_dashed_squares_mild,
          chequers_serial_rivers_micro_e, eino_tiny_chamber, uniq_menkaure
D:8:      layout_cave_pools, grunt_temple_overflow_open, st_stairs_9
D:9:      layout_gridville, serial_shops, nicolae_shop_stone,
          grunt_ministairs_3, centaur_isle
D:10:     layout_basic, erik_lair_dragon, orc_david_3, dk_noncrumbling_2,
          uniq_maggie
Temple:   eino_narrow_crystal_temple
Lair:1:   layout_small_grid, basic_altar, gammafunk_ghost_grave,
          cheibrodos_lair_caveside_slide

Skill      XL: |  1  2  3  4  5  6  7  8  9 10 11 12 |
---------------+-------------------------------------+-----
Maces & Flails | 3 5 6 7 9 11 12 | 12.0
Fighting       | 4 5 6 7 9 10 12 | 12.7
Shields        | 7 11 12 | 12.0
Armour         | |  3.2

Action                   |  1- 3 |  4- 6 |  7- 9 | 10-12 || total
-------------------------+-------+-------+-------+-------++-------
Melee: Flail             |   116 |   143 |    60 |       ||   319
       Whip              |       |       |   350 |   664 ||  1014
Throw: Throwing net      |       |       |       |     3 ||     3
       Dart              |       |       |       |     1 ||     1
Invok: Call Merchant     |       |       |       |     2 ||     2
Evoke: Wand              |       |       |       |     1 ||     1
  Use: Potion            |     1 |     2 |     2 |       ||     5
       Scroll            |       |       |       |    13 ||    13
 Stab: Confused          |       |       |       |     3 ||     3
       Distracted        |       |       |       |     1 ||     1
Armor: Scale mail        |    73 |       |    22 |   166 ||   261
       Chain mail        |       |    89 |   149 |       ||   238
Dodge: Dodged            |    59 |    48 |    90 |    96 ||   293
Block: Buckler           |    22 |    27 |   131 |       ||   180
       Reflection        |       |       |     3 |    36 ||    39
       Kite shield       |       |       |    26 |   360 ||   386
